 Dungeon Crawl Stone Soup version 0.24.0-37-gcf1ca852f1 (console) character file.

Game seed: 7814027830547186738, levelgen mode: deterministic

6674 bli the Destroyer (level 11, -6/64 HPs)
             Began as a Gargoyle Fire Elementalist on Nov 23, 2019.
             Was a Priest of Vehumet.
             Mangled by an eight-headed hydra (12 damage)
             ... on level 10 of the Dungeon.
             The game lasted 00:45:13 (7452 turns).

bli the Destroyer (Gargoyle Fire Elementalist)      Turns: 7452, Time: 00:45:13

Health: -6/64      AC: 10    Str: 13    XL:     11   Next: 3%
Magic:  21/31      EV: 14    Int: 19    God:    Vehumet [***...]
Gold:   541        SH:  5    Dex: 11    Spells: 11/25 levels left

rFire    + + .     SeeInvis .   a - +4 flail
rCold    . . .     Gourm    .   (no shield)
rNeg     + . .     Faith    .   E - +0 robe of a ziggurat {Str+2}
rPois    ∞         Spirit   .   (no helmet)
rElec    +         Reflect  +   D - scarf {rC+ rF+}
rCorr    .         Harm     .   (no gloves)
MR       .....                  (no boots)
Stlth    ++........             i - +5 amulet of reflection
HPRegen  0.20/turn              m - ring of magical power
MPRegen  0.22/turn              p - ring of fire

@: marked
A: negative energy resistance 1, electricity resistance, unbreathing,
petrification resistance, rot immunity, AC +8
a: Renounce Religion


You were on level 10 of the Dungeon.
You worshipped Vehumet.
Vehumet was most pleased with you.
You were near starving.

You visited 1 branch of the dungeon, and saw 10 of its levels.

You collected 541 gold pieces.

Inventory:

Hand Weapons
 a - a +4 flail (weapon)
 g - a +0 whip
 w - a +0 whip of pain
 L - a +1 mace of crushing
Missiles
 k - 264 stones (quivered)
 q - 3 boomerangs
Armour
 x - a +0 robe
 y - a +1 ring mail of magic resistance
 D - a scarf of resistance (worn)
 E - the +0 robe of a ziggurat (worn) {Str+2}
   (You found it on level 6 of the Dungeon)

   It affects your strength (+2).
 P - a +0 leather armour of poison resistance
Magical Staves
 S - an uncursed staff of cold
Jewellery
 i - a +5 amulet of reflection (around neck)
 m - a ring of magical power (left hand)
 p - a ring of fire (right hand)
 u - a cursed ring of attention {unknown}
 G - an uncursed amulet of faith {unknown}
 O - an uncursed ring of protection from cold {unknown}
Wands
 b - a wand of random effects (15)
 C - a wand of polymorph (3)
 F - a wand of paralysis (7)
 N - a wand of flame (24)
Scrolls
 d - 3 scrolls of fear {unknown}
 e - 6 scrolls of teleportation {unknown}
 f - 2 scrolls of identify
 h - 2 scrolls of immolation {unknown}
 l - 3 scrolls of enchant weapon {unknown}
 r - a scroll of amnesia {unknown}
 s - 4 scrolls of magic mapping {unknown}
 z - 3 scrolls of remove curse
 A - 2 scrolls of random uselessness
 I - a scroll of acquirement {unknown}
 J - a scroll of brand weapon {unknown}
 K - a scroll of vulnerability {unknown}
 M - a scroll of enchant armour
 Q - a scroll of noise {unknown}
 R - 2 scrolls of blinking {unknown}
Potions
 j - a potion of heal wounds
 n - a potion of haste
 o - 4 potions of curing {unknown}
 t - a potion of berserk rage {unknown}
 v - 2 potions of lignification
 B - 2 potions of might
 H - a potion of magic {unknown}
Comestibles
 c - 22 rations


   Skills:
 * Level 5.9 Fighting
 + Level 5.9 Maces & Flails
 * Level 5.0 Dodging
 + Level 3.4 Stealth
 + Level 7.9 Spellcasting
 + Level 8.0 Conjurations
 + Level 5.7 Fire Magic
 + Level 2.2 Earth Magic
 + Level 3.4 Poison Magic


You had 11 spell levels left.
You knew the following spells:

 Your Spells              Type           Power        Failure   Level  Hunger
a - Stone Arrow           Conj/Erth      ####..       1%          3    None
b - Fireball              Conj/Fire      ######....   4%          5    #####..
g - Sting                 Conj/Pois      ####         1%          1    None
s - Sticky Flame          Conj/Fire      ######..     1%          4    ###....
t - Flame Tongue          Conj/Fire      #####        1%          1    None

Your spell library contained the following spells:

 Spells                   Type           Power        Failure   Level  Hunger
 Throw Flame              Conj/Fire      ######       1%          2    None
 Conjure Flame            Conj/Fire      ######..     1%          3    None
 Inner Flame              Hex/Fire       ####....     2%          3    None
 Summon Small Mammal      Summ           #...         10%         1    None
 Call Imp                 Summ           #.......     14%         2    None
 Call Canine Familiar     Summ           #.......     28%         3    None
 Summon Guardian Golem    Hex/Summ       #.......     28%         3    None
 Summon Ice Beast         Ice/Summ       #.......     67%         4    ###....
 Summon Lightning Spire   Summ/Air       #.......     67%         4    ###....


Dungeon Overview and Level Annotations

Branches:
Dungeon (10/15)            Temple (0/1) D:5
   Lair: D:8-11         Orc: D:9-12

Altars:
Cheibriados
Fedhas
Gozag
Hepliaklqana
Kikubaaqudgha
Makhleb
Okawaru
Qazlal
Ru
Trog
Vehumet
Wu Jian
Zin
The Shining One

Annotations:
D:9 3 runed translucent doors, Harold


Innate Abilities, Weirdness & Mutations

You are resistant to torment.
Your stone body is resilient. (AC +8)
You are immune to poison.
You resist negative energy. (rN+)
You are resistant to electric shocks. (rElec)
You can survive without breathing.
You are immune to petrification.
You are immune to rotting.


Message History

The fireball engulfs the five-headed hydra!
The five-headed hydra is moderately wounded.
The fireball engulfs you. You resist.
* * * LOW HITPOINT WARNING * * *
You are near starving!
You block Harold's attack.
Your magical contamination has completely faded away.
There is a stone staircase leading down here.
You climb downwards.
A quokka, a hydra, a worker ant, an ice beast and a hungry ghost come into view.
Found a scroll labeled KANLUENOVU.
Found a stone staircase leading down.
There is a stone staircase leading up here.
A black bear comes into view.
The black bear growls angrily.
The worker ant twitches its antennae in your direction.
The eight-headed hydra roars!
The eight-headed hydra closely misses you.
The eight-headed hydra completely misses you.
The eight-headed hydra bites you!
You die...

###.## .....
##...# #.....
#....# #....#
#....#####..
#.###..Y<.......
#.......D.?....#
#..##..@#.###..#
#a..#.# #
......#.#
#.##r..... #
##..h.W ####.#.
. ##


You could see an eight-headed hydra, a black bear, an ice beast, a worker ant
and a quokka.

Vanquished Creatures
  2 hydras (D:8)
  A two-headed ogre (D:7)
  A gargoyle (D:7)
  A hornet (D:7)
  A hippogriff (D:7)
  2 dream sheep (D:8)
  Sigmund (D:2)
  Eustachio (D:4)
  5 yaks
  Menkaure (D:4)
  A hungry ghost (D:9)
  3 sky beasts
  A water moccasin (D:7)
  2 ice beasts
  A black bear (D:8)
  2 ogres
  3 big kobolds (D:8)
  Blork the orc (D:4)
  3 scorpions
  5 killer bees (D:8)
  2 crimson imps
  2 jellies
  A bullfrog skeleton (D:7)
  4 orc priests
  A bullfrog zombie (D:5)
  A gnoll shaman (D:6)
  Natasha (thrice) (D:2)
  2 iguanas
  4 orc wizards
  4 worker ants
  A hound skeleton (D:4)
  A hound zombie (D:8)
  5 gnolls (D:6)
  7 adders
  An ooze (D:2)
  An adder skeleton (D:3)
  4 worms
  2 dart slugs
  4 leopard geckos
  24 orcs
  2 giant cockroaches
  8 goblins
  5 hobgoblins
  2 jackals (D:6)
  4 quokkas
  4 ball pythons
  8 bats
  5 frilled lizards
  A jackal zombie (D:5)
  4 kobolds
  2 quokka skeletons
  8 rats
165 creatures vanquished.

Vanquished Creatures (others)
  4 fungi (D:5)
4 creatures vanquished.

Grand Total: 169 creatures vanquished

Notes
Turn   | Place    | Note
-------+----------+-------------------------------------------
     0 | D:1      | bli the Gargoyle Fire Elementalist began the quest for the
                  | Orb.
     0 | D:1      | Reached XP level 1. HP: 10/10 MP: 3/3
   158 | D:1      | Reached XP level 2. HP: 15/15 MP: 3/5
   687 | D:2      | Noticed Natasha
   693 | D:2      | Killed Natasha
   693 | D:2      | Reached XP level 3. HP: 19/19 MP: 0/7
   932 | D:2      | Reached skill level 1 in Maces & Flails
   932 | D:2      | Reached XP level 4. HP: 24/24 MP: 9/9
   951 | D:2      | Learned a level 4 spell: Sticky Flame
  1083 | D:2      | Noticed Sigmund
  1083 | D:2      | Noticed Natasha
  1102 | D:2      | Killed Natasha
  1102 | D:2      | Reached skill level 2 in Conjurations
  1102 | D:2      | Reached XP level 5. HP: 28/28 MP: 10/10
  1280 | D:3      | Found a radiant altar of Vehumet.
  1287 | D:3      | Became a worshipper of Vehumet
  2039 | D:4      | Noticed Eustachio
  2091 | D:4      | Killed Eustachio
  2091 | D:4      | Reached skill level 1 in Fighting
  2091 | D:4      | Reached XP level 6. HP: 23/35 MP: 6/12
  2204 | D:4      | Reached * piety under Vehumet
  2204 | D:4      | Offered knowledge of Sting by Vehumet.
  2211 | D:4      | Learned a level 1 spell: Sting
  2241 | D:4      | Noticed Menkaure
  2253 | D:4      | Killed Menkaure
  2253 | D:4      | Reached XP level 7. HP: 34/39 MP: 13/13
  2292 | D:4      | Found a sacrificial altar of Ru.
  2574 | D:4      | Found a snail-covered altar of Cheibriados.
  2706 | D:4      | Noticed Blork the orc
  2714 | D:4      | Killed Blork the orc
  2714 | D:4      | Reached skill level 3 in Conjurations
  3020 | D:2      | HP: 1/39 [something (8)]
  3027 | D:2      | Killed Sigmund
  3027 | D:2      | Reached skill level 5 in Spellcasting
  3073 | D:2      | Noticed Natasha
  3079 | D:2      | Killed Natasha
  3328 | D:5      | Entered Level 5 of the Dungeon
  3352 | D:5      | Reached XP level 8. HP: 40/44 MP: 15/15
  3401 | D:5      | Found a staircase to the Ecumenical Temple.
  3426 | D:5      | Reached skill level 4 in Conjurations
  3426 | D:5      | Reached skill level 1 in Poison Magic
  3510 | D:5      | Noticed a yak
  3511 | D:5      | Found a blossoming altar of Fedhas.
  3511 | D:5      | Noticed a yak
  3526 | D:5      | Found an iron altar of Okawaru.
  3534 | D:5      | Killed a yak
  3542 | D:5      | Killed a yak
  3549 | D:5      | Noticed a yak
  3562 | D:5      | Killed a yak
  3610 | D:5      | Found a stormy altar of Qazlal.
  3820 | D:5      | Found a glowing golden altar of the Shining One.
  3842 | D:5      | Reached ** piety under Vehumet
  3842 | D:5      | Offered knowledge of Freeze by Vehumet.
  4401 | D:6      | Got a thick robe
  4412 | D:6      | Identified the +0 robe of a ziggurat {Str+2} (You found it
                  | on level 6 of the Dungeon)
  4450 | D:6      | Reached skill level 5 in Conjurations
  4580 | D:6      | Reached XP level 9. HP: 48/52 MP: 18/18
  4714 | D:6      | Found a hazy altar of Hepliaklqana.
  5076 | D:7      | Noticed a gargoyle
  5082 | D:7      | Killed a gargoyle
  5121 | D:7      | Reached skill level 6 in Conjurations
  5186 | D:7      | Noticed a hornet
  5194 | D:7      | Killed a hornet
  5257 | D:7      | Noticed a two-headed ogre
  5670 | D:7      | Offered knowledge of Stone Arrow by Vehumet.
  5677 | D:7      | Learned a level 3 spell: Stone Arrow
  5717 | D:7      | Reached skill level 5 in Fire Magic
  5825 | D:7      | Killed a two-headed ogre
  5825 | D:7      | Reached skill level 7 in Conjurations
  5825 | D:7      | Reached XP level 10. HP: 43/58 MP: 19/20
  5913 | D:7      | Found an ornate altar of the Wu Jian Council.
  6067 | D:8      | Reached skill level 5 in Maces & Flails
  6439 | D:8      | Reached skill level 5 in Fighting
  6492 | D:8      | Noticed a three-headed hydra
  6517 | D:8      | Killed a three-headed hydra
  6517 | D:8      | Reached skill level 1 in Earth Magic
  6654 | D:8      | Noticed a five-headed hydra
  6661 | D:8      | Killed a five-headed hydra
  6747 | D:8      | Found an opulent altar of Gozag.
  6748 | D:8      | Found a glowing silver altar of Zin.
  6829 | D:8      | Found an ancient bone altar of Kikubaaqudgha.
  6872 | D:8      | Reached *** piety under Vehumet
  7077 | D:9      | Noticed a five-headed hydra
  7174 | D:9      | Found a runed translucent gate.
  7191 | D:9      | Reached skill level 8 in Conjurations
  7195 | D:9      | Found a runed translucent gate.
  7195 | D:9      | Found a burning altar of Makhleb.
  7196 | D:9      | Found a runed translucent gate.
  7203 | D:9      | Reached XP level 11. HP: 64/64 MP: 21/22
  7222 | D:9      | Found a bloodstained altar of Trog.
  7278 | D:8      | Learned a level 5 spell: Fireball
  7286 | D:9      | Reached skill level 5 in Dodging
  7425 | D:9      | Noticed Harold
  7450 | D:10     | Entered Level 10 of the Dungeon
  7450 | D:10     | Noticed an eight-headed hydra
  7452 | D:10     | Mangled by an eight-headed hydra

Levels and vault maps discovered:
D:1:      dpeg_arrival_three_smaller_balls, layout_basic
D:2:      layout_basic, uniq_natasha, uniq_sigmund
D:3:      layout_loops_cross, lemuel_crystal_altar, minmay_misc_feat_ornament,
          st_stairs_1
D:4:      layout_basic, kennysheep_slug_shrine, lemuel_crystal_altar,
          first_ration, uniq_blork_the_orc, uniq_menkaure, uniq_eustachio
D:5:      layout_gridville, grunt_temple_overflow_forces_of_nature,
          kennysheep_mini_moat, minmay_temple_entry_proselytizer,
          okawaru_metal_pillars_1_2
D:6:      layout_gridville, lemuel_doored_altar, columned_hall_lemuel,
          corexii_checkpoint_a, chequers_serial_rivers_small_b
D:7:      layout_rooms, kennysheep_little_box, moated_statue
D:8:      layout_loops_corners, grunt_temple_overflow_gold_and_silver,
          nicolae_overflow_crystal_walls, hangedman_ranch
          [blue_anna_fruit_fields]
D:9:      layout_basic, grunt_temple_overflow_open, basic_altar,
          gammafunk_ghost_spectres, uniq_harold
D:10:     layout_loops_ring, serial_shops, shop

Skill      XL: |  1  2  3  4  5  6  7  8  9 10 11 |
---------------+----------------------------------+-----
Spellcasting   | 3 4 5 6 7 |  7.9
Maces & Flails | 1 2 3 4 5 |  5.9
Dodging        | 2 3 4 5 |  5.0
Conjurations   | 2 3 5 7 8 |  8.0
Fighting       | 1 2 3 4 5 |  5.9
Fire Magic     | 4 5 |  5.7
Poison Magic   | 2 3 |  3.4
Stealth        | 3 |  3.4
Earth Magic    | 2 |  2.2

Action                   |  1- 3 |  4- 6 |  7- 9 | 10-12 || total
-------------------------+-------+-------+-------+-------++-------
Melee: Unarmed           |    13 |       |       |       ||    13
       Club              |     4 |       |       |       ||     4
       Whip              |    41 |    19 |       |       ||    60
       Mace              |       |    46 |       |       ||    46
       Flail             |       |     7 |    85 |    89 ||   181
Throw: Stone             |     2 |    10 |     6 |     2 ||    20
 Cast: Flame Tongue      |    27 |    79 |    57 |    26 ||   189
       Sticky Flame      |       |     1 |     6 |     3 ||    10
       Sting             |       |     2 |   101 |    33 ||   136
       Stone Arrow       |       |       |     2 |    22 ||    24
       Fireball          |       |       |       |     1 ||     1
  Use: Potion            |       |       |     3 |     1 ||     4
       Scroll            |       |       |     4 |     1 ||     5
 Stab: Sleeping          |     5 |       |     3 |     1 ||     9
  Eat: Chunk             |       |     5 |    12 |     5 ||    22
Armor: Robe              |    17 |    38 |    24 |    53 ||   132
Dodge: Dodged            |    24 |    63 |    50 |    83 ||   220
Block: Other             |     9 |    21 |    23 |    27 ||    80
       Reflection        |       |     2 |     1 |       ||     3
